 Dungeon Sprint DCSS version 0.21.1-1-g345015f (webtiles) character file.

2431 wilfster70 the Basher (level 9, -3/61 HPs)
             Began as a Gargoyle Monk on June 8, 2018.
             Was the Champion of Cheibriados.
             Shot with a bolt by a yaktaur captain (18 damage)
             ... in the Dungeon (Sprint V: "Ziggurat Sprint").
             The game lasted 00:05:48 (528 turns).

wilfster70 the Basher (Gargoyle Monk)                Turns: 528, Time: 00:05:48

Health: -3/61      AC: 28    Str: 37    XL:     9   Next: 48%
Magic:  6/15       EV: 14    Int: 28    God:    Cheibriados [******]
Gold:   0          SH:  0    Dex: 33    Spells: 8/8 levels left

rFire    + + +     SeeInvis .   a - +7 great mace "Firestarter" {inner flame, rF++}
rCold    + . .     Gourm    .   (shield currently unavailable)
rNeg     + . .     Faith    .   h - +5 gold dragon scales
rPois    ∞         Spirit   .   (no helmet)
rElec    +         Reflect  .   (no cloak)
rCorr    .         Harm     .   (no gloves)
MR       .....     NoTele   +   (no boots)
Stlth    ..........             (no amulet)
HPRegen  0.20/turn              D - +6 ring of strength
MPRegen  0.14/turn              A - +6 ring of dexterity

@: studying Invocations, very slow
A: negative energy resistance 1, electricity resistance, unbreathing,
petrification resistance, rot immunity, AC +6
a: Bend Time, Temporal Distortion, Slouch, Step From Time, Renounce Religion


You were in the Dungeon.
You worshipped Cheibriados.
Cheibriados was exalted by your worship.
You were not hungry.

You visited 1 branch

Inventory:

Hand Weapons
 a - the +7 great mace "Firestarter" (weapon) {inner flame, rF++}
   (You found it in the Dungeon)

   It has been specially enchanted to burn those struck by it, causing extra
   injury to most foes and up to half again as much damage against particularly
   susceptible opponents.
   It greatly protects you from fire.
Armour
 f - a +5 crystal plate armour
 h - +5 gold dragon scales (worn)
 v - a +3 large shield
 w - a +3 shield
Jewellery
 z - a +6 ring of dexterity
 A - a +6 ring of dexterity (right hand)
 B - a +6 ring of intelligence
 C - a +6 ring of intelligence
 D - a +6 ring of strength (left hand)
 E - a +6 ring of strength
 H - an uncursed ring of see invisible
Wands
 m - a wand of disintegration (7)
 x - a wand of iceblast (7)
 y - a wand of acid (7)
Scrolls
 i - 4 scrolls of blinking
 p - 4 scrolls of amnesia
 q - 7 scrolls of fog
 r - a scroll of holy word
 s - 5 scrolls of identify
 t - 5 scrolls of remove curse
 u - 2 scrolls of fear
Potions
 d - 10 potions of curing
 e - 10 potions of heal wounds
 g - 7 potions of magic
 j - 2 potions of brilliance
 k - 2 potions of invisibility
 l - 4 potions of resistance
 n - 5 potions of agility
 o - 5 potions of might
Books
 K - a manual of Invocations
Miscellaneous
 F - a lightning rod (4/4)
 G - a phantom mirror
 J - a sack of spiders
Comestibles
 c - 7 rations
 I - 3 chunks of flesh


   Skills:
 + Level 9.5 Fighting
 * Level 11.7 Maces & Flails
 + Level 8.9 Armour
 + Level 7.2 Dodging
 - Level 2.1 Stealth
 + Level 9.0 Shields
 + Level 9.2 Invocations


You had 8 spell levels left.
You didn't know any spells.

Dungeon Overview and Level Annotations

Branches:
Dungeon (1/1)

Altars:
Ashenzari
Cheibriados
Dithmenos
Elyvilon
Fedhas
Gozag
Hepliaklqana
Kikubaaqudgha
Makhleb
Nemelex Xobeh
Okawaru
Qazlal
Ru
Sif Muna
Trog
Uskayaw
Vehumet
Wu Jian
Xom
Yredelemnul
Zin
The Shining One
Beogh
Jiyva
Lugonu

Annotations:
D 1 transporter


Innate Abilities, Weirdness & Mutations

You are resistant to torment.
Your stone body is resilient. (AC +6)
You are immune to poison.
You resist negative energy. (rN+)
You are resistant to electric shocks. (rElec)
You can survive without breathing.
You are immune to petrification.
You are immune to rotting.


Message History

Cheibriados thoroughly appreciates the change of pace.
Your Shields skill increases to level 9!
You feel somewhat more hungry.
The yaktaur wields an arbalest.
The yaktaur shoots a bolt.
The bolt completely misses you.
The yaktaur captain wields an arbalest.
The yaktaur captain shoots a bolt.
The bolt hits you but does no damage.
The yaktaur shoots a bolt.
The bolt hits you.
The yaktaur captain shoots a bolt.
The bolt hits you!!
Found a transporter.
You see here 2 bolts.
The yaktaur shoots a bolt.
The bolt hits you.
The yaktaur captain shoots a bolt.
The bolt hits you but does no damage.
The yaktaur shoots a bolt.
The bolt misses you.
You see here 2 bolts.
You can feel time thicken for a moment.
You feel somewhat more hungry.
The yaktaur captain shoots a bolt.
The bolt misses you.
The yaktaur shoots a bolt.
The bolt hits you!
* * * LOW HITPOINT WARNING * * *
The yaktaur captain shoots a bolt.
The bolt hits you!!
You die...

▓........▓.▓....▓.▓
▓...©.†..▓...©....▓
▓▓▓▓▓▓▓▓▓▓▓▓▓▓▓▓▓▓▓
▓..8©8..▓ ▓..=)c..▓
▓.c)))..▓ ▓.......▓
▓.......▓ ▓..@....▓
▓...(...▓ ▓.▓.(.▓.▓
▓..(©(..▓ ▓▓▓▓▓▓▓▓▓


You could see a yaktaur captain and a yaktaur.

Vanquished Creatures
  4 draconians (D)
  3 insubstantial wisps (D)
  A hell hound (D)
  4 centaurs (D)
  A quasit (D)
  3 orc priests (D)
  2 orc wizards (D)
  An adder zombie (D)
  A bat zombie (D)
  A giant cockroach zombie (D)
  A leopard gecko skeleton (D)
22 creatures vanquished.

Notes
Turn   | Place    | Note
-------+----------+-------------------------------------------
     0 | D        | Found the +6 Majin-Bo {vamp, Archmagi MP+6 Int+6}
     0 | D        | Found the +7 great mace "Firestarter" {inner flame, rF++}
     0 | D        | wilfster70 the Gargoyle Monk began the quest for the Orb.
     0 | D        | Reached XP level 1. HP: 14/14 MP: 1/1
     0 | D        | Found a deep blue altar of Sif Muna.
     0 | D        | Found a bloodstained altar of Trog.
     0 | D        | Found a sacrificial altar of Ru.
     0 | D        | Found a stormy altar of Qazlal.
     0 | D        | Found an iron altar of Okawaru.
     1 | D        | Found a sparkling altar of Nemelex Xobeh.
     1 | D        | Found a blossoming altar of Fedhas.
     3 | D        | Found a transporter.
     3 | D        | Found an ancient bone altar of Kikubaaqudgha.
     3 | D        | Found a viscous altar of Jiyva.
     3 | D        | Found a corrupted altar of Lugonu.
     3 | D        | Found a hazy altar of Hepliaklqana.
     3 | D        | Found a burning altar of Makhleb.
     3 | D        | Found an opulent altar of Gozag.
     7 | D        | Banished a spatial maelstrom
    17 | D        | Became a worshipper of Cheibriados the Contemplative
    17 | D        | Reached * piety under Cheibriados
    17 | D        | Reached ** piety under Cheibriados
    37 | D        | Found the +9 heavy crossbow "Sniper" {velocity, Acc+∞ SInv}
    37 | D        | Found the +10 dark maul {crush}
    37 | D        | Found the +15 Maxwell's patent armour {-Cast -Tele rElec MR+ rCorr}
    37 | D        | Found the +18 shield of the Gong {rElec rN+ MR+ EV-5}
    37 | D        | Found the cursed +14 obsidian axe {chop, +Fly SInv *Curse}
    38 | D        | Found the +6 shillelagh "Devastator" {shatter}
    38 | D        | Found the +11 plutonium sword {*Contam Stlth-}
    38 | D        | Found the +8 lance "Wyrmbane" {slay drac, rPois rF+ rC+ AC+3}
    38 | D        | Found the +9 sword of Zonguldrok {reap}
    38 | D        | Found the cursed +13 scythe of Curses {drain, *Curse}
    38 | D        | Found the +0 sword of Power
    38 | D        | Found the -4 mace of Variability {chaos}
    38 | D        | Found the +7 Singing Sword
    38 | D        | Found the +7 longbow "Piercer" {penet, EV-2}
    46 | D        | Reached skill level 4 in Maces & Flails
    46 | D        | Reached XP level 2. HP: 20/20 MP: 2/4
    84 | D        | Entered arena 2.
    84 | D        | Found a transporter.
    85 | D        | Reached skill level 5 in Maces & Flails
    96 | D        | Entered arena 3.
    96 | D        | Noticed an insubstantial wisp
    96 | D        | Noticed an insubstantial wisp
    96 | D        | Noticed an insubstantial wisp
    96 | D        | Found a transporter.
   104 | D        | Killed an insubstantial wisp
   104 | D        | Reached *** piety under Cheibriados
   104 | D        | Reached skill level 5 in Fighting
   104 | D        | Reached skill level 6 in Maces & Flails
   104 | D        | Reached XP level 3. HP: 8/26 MP: 4/6
   104 | D        | Reached XP level 4. HP: 10/31 MP: 4/7
   104 | D        | Reached XP level 5. HP: 11/35 MP: 4/8
   112 | D        | Killed an insubstantial wisp
   112 | D        | Killed an insubstantial wisp
   112 | D        | Reached skill level 7 in Maces & Flails
   112 | D        | Reached skill level 5 in Armour
   112 | D        | Reached skill level 5 in Shields
   112 | D        | Reached skill level 5 in Invocations
   112 | D        | Reached XP level 6. HP: 14/41 MP: 5/9
   112 | D        | Reached skill level 8 in Maces & Flails
   112 | D        | Reached skill level 5 in Dodging
   316 | D        | Entered arena 4.
   316 | D        | Noticed a draconian
   316 | D        | Noticed a draconian
   316 | D        | Noticed a draconian
   316 | D        | Noticed a draconian
   316 | D        | Found a transporter.
   319 | D        | Killed a draconian
   319 | D        | Reached **** piety under Cheibriados
   319 | D        | Reached skill level 9 in Maces & Flails
   319 | D        | Reached XP level 7. HP: 40/48 MP: 10/12
   321 | D        | Killed a draconian
   321 | D        | Reached skill level 10 in Maces & Flails
   321 | D        | Reached XP level 8. HP: 39/54 MP: 10/13
   322 | D        | Killed a draconian
   323 | D        | Killed a draconian
   323 | D        | Reached ***** piety under Cheibriados
   323 | D        | Reached skill level 11 in Maces & Flails
   323 | D        | Reached XP level 9. HP: 27/60 MP: 10/15
   480 | D        | Entered arena 5.
   480 | D        | Found a transporter.
   503 | D        | Entered arena 6.
   503 | D        | Found a transporter.
   504 | D        | Reached ****** piety under Cheibriados
   523 | D        | Entered arena 7.
   523 | D        | Noticed a yaktaur
   523 | D        | Noticed a yaktaur captain
   525 | D        | Found a transporter.
   528 | D        | Shot with a bolt by a yaktaur captain

Skill      XL: |  1  2  3  4  5  6  7  8  9 |
---------------+----------------------------+-----
Fighting       | 4 5 6 7 8 9 |  9.5
Maces & Flails | 4 6 7 9 10 11 | 11.7
Armour         | 2 4 5 6 7 8 |  8.9
Dodging        | 3 4 5 6 7 |  7.2
Shields        | 2 4 5 6 7 8 9 |  9.0
Invocations    | 2 4 5 6 7 8 9 |  9.2
Stealth        | |  2.1

Action                   |  1- 3 |  4- 6 |  7- 9 || total
-------------------------+-------+-------+-------++-------
Melee: Great mace        |    11 |     7 |    11 ||    29
Invok: Slouch            |       |       |     3 ||     3
  Use: Potion            |     1 |       |       ||     1
Armor: Gold dragon scale |    12 |     3 |    33 ||    48
Dodge: Dodged            |     3 |     4 |    33 ||    40
